 Dungeon Crawl Stone Soup version 0.28.0-43-g3370ac3207 (webtiles) character file.

Game seed: 6521635168338752451

3999 pkoi the Carver (level 10, -8/86 HPs)
             Began as a Minotaur Fighter on Mar 16, 2022.
             Was a Priest of the Shining One.
             Mangled by a two-headed ogre
             ... wielding a +0 giant spiked club
              (13 damage)
             ... on level 8 of the Dungeon.
             The game lasted 00:07:52 (8310 turns).

pkoi the Carver (Minotaur Fighter)                  Turns: 8310, Time: 00:07:53

Health: -8/86      AC:  9    Str: 25    XL:     10   Next: 3%
Magic:  12/12      EV: 11    Int:  5    God:    the Shining One [***...]
Gold:   342        SH:  5    Dex: 10    Spells: 9/9 levels left

rFire   . . .      SeeInvis +   a - +5 double sword (vorpal)
rCold   . . .      Faith    .   c - +0 buckler
rNeg    + . .      Spirit   .   x - +0 scale mail
rPois   .          Reflect  .   (helmet restricted)
rElec   .          Harm     .   (no cloak)
rCorr   .          Rampage  .   (no gloves)
Will    .....                   s - +0 pair of boots
Stlth   ..........              (no amulet)
HPRegen 0.24/turn               (no ring)
MPRegen 0.13/turn               w - ring of see invisible

@: glowing, studying Slings
A: horns 2, retaliatory headbutt
a: Renounce Religion, Divine Shield, Cleansing Flame


You were on level 8 of the Dungeon.
You worshipped the Shining One.
The Shining One was most pleased with you.
You visited 2 branches of the dungeon, and saw 9 of its levels.

You collected 477 gold pieces.
You spent 135 gold pieces at shops.

Inventory:

Hand Weapons
 a - a +5 vorpal double sword (weapon)
 b - a +0 hunting sling
 t - a +1 long sword
Missiles
 g - 4 datura-tipped darts (quivered)
Armour
 c - a +0 buckler (worn)
 k - an orb of wrath
 s - a +0 pair of boots (worn)
 x - a +0 scale mail (worn)
Jewellery
 w - a ring of see invisible (right hand)
Wands
 u - a wand of digging (4)
 v - a wand of paralysis (27)
Scrolls
 f - 2 scrolls of fear
 h - a scroll of magic mapping
 i - a scroll of immolation
 p - 2 scrolls of amnesia
 r - 3 scrolls of teleportation
Potions
 d - 2 potions of might
 e - 2 potions of attraction {unknown}
 j - 2 potions of brilliance {unknown}
 l - 5 potions of curing {unknown}
 m - a potion of haste
 n - a potion of cancellation {unknown}
 o - 2 potions of heal wounds {unknown}
 q - 3 potions of flight {unknown}
 z - a potion of invisibility {unknown}
 A - a potion of resistance


   Skills:
 + Level 7.4 Fighting
 + Level 9.8 Long Blades
 + Level 0.3 Slings
 + Level 7.4 Armour
 + Level 5.7 Dodging
 + Level 7.5 Shields
 + Level 5.2 Invocations


You had 9 spell levels left.
You didn't know any spells.
Your spell library contained the following spells:

 Spells                   Type           Power      Damage    Failure   Level
 Animate Skeleton         Necr           0%         N/A       82%         1
 Pain                     Necr           0%         1d4       82%         1
 Vampiric Draining        Necr           0%         2d6       99%         3
 Animate Dead             Necr           0%         N/A       100%        4
 Olgreb's Toxic Radiance  Pois           0%         N/A       100%        4
 Haunt                    Necr/Summ      0%         N/A       100%        7
 Ozocubu's Refrigeration  Ice            0%         4d5       100%        7
 Ignition                 Fire           0%         3d3       100%        8
 Infestation              Necr           0%         N/A       100%        8


Dungeon Overview and Level Annotations

Branches:
Dungeon (8/15)             Temple (1/1) D:5
   Lair: D:8-11

Altars:
Ashenzari
Cheibriados
Dithmenos
Elyvilon
Fedhas
Gozag
Hepliaklqana
Kikubaaqudgha
Makhleb
Nemelex Xobeh
Okawaru
Qazlal
Ru
Sif Muna
Trog
Uskayaw
Wu Jian
Xom
Yredelemnul
Zin
The Shining One

Shops:
D:5 *   D:7 [

Annotations:
D:4 1 runed translucent door, Zeor's ghost, amateur KoBr
D:8 3 runed translucent doors, xzight's ghost, novice GrFi


Innate Abilities, Weirdness & Mutations

You have a pair of horns on your head.
You reflexively headbutt those who attack you in melee.


Message History

The centaur shoots an arrow.
The arrow hits you!
* * * LOW HITPOINT WARNING * * *
The centaur shoots an arrow.
The arrow hits you but does no damage.
The centaur shoots an arrow.
The arrow hits you.
* * * LOW HITPOINT WARNING * * *
The centaur shoots an arrow.
The arrow barely misses you.
The centaur shoots an arrow.
The arrow hits you.
* * * LOW HITPOINT WARNING * * *
The centaur shoots an arrow.
You block the arrow.
The centaur shoots an arrow.
The arrow hits you.
* * * LOW HITPOINT WARNING * * *
You hear a loud, deep croak!
You see here a +0 flail of protection.
You start resting.
The centaur shoots an arrow.
The arrow hits you.
* * * LOW HITPOINT WARNING * * *
The centaur unwields a +0 shortbow.
The centaur misses you.
The centaur kicks you but does no damage.
You slice the centaur!!
You kill the centaur!
You block the two-headed ogre's attack.
The two-headed ogre hits you with a +0 giant club!!
* * * LOW HITPOINT WARNING * * *
Items here: ( )) †.
You slash the two-headed ogre!
The two-headed ogre is lightly wounded.
The two-headed ogre barely misses you. x2
You slash the two-headed ogre!
You headbutt the two-headed ogre, but do no damage.
The two-headed ogre is heavily wounded.
You hit the two-headed ogre.
The two-headed ogre is heavily wounded.
The two-headed ogre hits you with a +0 giant spiked club!!
* * * LOW HITPOINT WARNING * * *
The two-headed ogre hits you with a +0 giant club.
* * * LOW HITPOINT WARNING * * *
You slash the two-headed ogre!
The two-headed ogre is almost dead.
The two-headed ogre hits you with a +0 giant spiked club!
You die...

##9# # #.##
#.##..####
#......#..
########..#.#
#...).##..#.#
#.....###.#.######
#.....###.........
#.....@O...######
#.....####..#
#.....# ##.##
#..<..# #..#
#########.....#
##.#
#........######
#.## #........#
#..# #
#........#####
##c# $#
#........'...#
#.####.##


You could see a two-headed ogre.

Vanquished Creatures
  2 gargoyles
  Grinder (D:4)
  An acid dragon (D:8)
  A water moccasin (D:7)
  Pargi (D:4)
  An ice beast (D:5)
  An orc warrior (D:6)
  7 necrophages
  4 centaurs
  2 ogres
  4 bullfrogs
  2 scorpions (D:7)
  2 vampire bats (D:6)
  2 howler monkeys (D:7)
  3 bullfrog zombies
  2 jellies (D:6)
  2 centaur skeletons
  2 centaur zombies
  5 hounds
  4 orc priests
  A bullfrog skeleton (D:5)
  4 iguanas
  3 orc wizards
  Natasha (thrice) (D:2)
  2 killer bee zombies (D:7)
  A hound skeleton (D:5)
  2 howler monkey skeletons
  10 adders
  2 white imps
  2 ufetubi
  2 worms (D:2)
  A dart slug (D:3)
  23 orcs
  7 ball pythons
  7 bats
  6 bat skeletons (D:6)
  A bat zombie (D:6)
  9 endoplasms
  4 giant cockroaches
  5 goblins
  5 hobgoblins
  9 kobolds
  5 quokkas
  8 frilled lizards
  7 rats
178 creatures vanquished.

Vanquished Creatures (others)
  3 bushes (D:7)
  13 plants (D:7)
16 creatures vanquished.

Grand Total: 194 creatures vanquished

Notes
Turn   | Place    | Note
-------+----------+-------------------------------------------
     0 | D:1      | pkoi the Minotaur Fighter began the quest for the Orb.
     0 | D:1      | Reached XP level 1. HP: 19/19 MP: 0/0
   140 | D:1      | Reached skill level 3 in Long Blades
   244 | D:1      | Reached XP level 2. HP: 21/26 MP: 1/1
   565 | D:1      | Reached skill level 4 in Long Blades
   885 | D:1      | Reached XP level 3. HP: 31/31 MP: 2/2
  1192 | D:2      | Noticed Natasha
  1197 | D:2      | Killed Natasha
  1198 | D:2      | Reached skill level 5 in Long Blades
  1499 | D:2      | Reached XP level 4. HP: 39/39 MP: 3/3
  1619 | D:2      | Noticed Natasha
  1623 | D:2      | Killed Natasha
  1624 | D:2      | Reached skill level 6 in Long Blades
  1676 | D:2      | Noticed a necrophage
  1687 | D:2      | Killed a necrophage
  1688 | D:2      | Reached skill level 7 in Long Blades
  1688 | D:2      | Reached XP level 5. HP: 29/45 MP: 4/4
  2141 | D:2      | Noticed Natasha
  2149 | D:2      | Killed Natasha
  2503 | D:3      | Reached XP level 6. HP: 52/52 MP: 5/5
  2571 | D:3      | Found a faded altar of an unknown god.
  2693 | D:3      | Found a glowing golden altar of the Shining One.
  2699 | D:3      | Became a worshipper of the Shining One
  3036 | D:3      | Found a stormy altar of Qazlal.
  3224 | D:4      | Reached skill level 1 in Dodging
  3425 | D:4      | Noticed Pargi
  3487 | D:4      | Identified a scroll of acquirement
  3487 | D:4      | Acquired a +5 vorpal double sword
  3621 | D:4      | Noticed Grinder
  3623 | D:4      | Paralysed by Grinder for 5 turns
  3639 | D:4      | Killed Grinder
  3640 | D:4      | Reached skill level 1 in Invocations
  3640 | D:4      | Reached XP level 7. HP: 27/60 MP: 5/7
  3813 | D:4      | Killed Pargi
  3844 | D:4      | Noticed Zeor's ghost (amateur KoBr)
  3845 | D:4      | Found a runed translucent door.
  3870 | D:4      | Found an ornate altar of the Wu Jian Council.
  4023 | D:4      | Found a shadowy altar of Dithmenos.
  4187 | D:5      | Entered Level 5 of the Dungeon
  4188 | D:5      | Found a staircase to the Ecumenical Temple.
  4213 | D:5      | Found Mohaptis's General Store.
  4221 | D:5      | Reached skill level 8 in Long Blades
  4229 | D:5      | Found a hide-covered altar of Uskayaw.
  4249 | D:5      | Reached skill level 5 in Shields
  4589 | Temple   | Entered the Ecumenical Temple
  4817 | D:5      | Bought a scroll of teleportation for 45 gold pieces
  4817 | D:5      | Bought 2 scrolls of teleportation for 90 gold pieces
  4881 | D:5      | Reached skill level 5 in Fighting
  4881 | D:5      | Reached skill level 5 in Armour
  4881 | D:5      | Reached XP level 8. HP: 61/68 MP: 8/8
  4882 | D:5      | Reached * piety under the Shining One
  4883 | D:5      | Noticed a gargoyle
  4892 | D:5      | Killed a gargoyle
  6099 | D:6      | Found an ancient bone altar of Kikubaaqudgha.
  6100 | D:6      | Reached ** piety under the Shining One
  6230 | D:6      | Reached XP level 9. HP: 72/75 MP: 10/10
  6267 | D:6      | Reached skill level 9 in Long Blades
  6742 | D:7      | Found Deiniuc's Armour Shop.
  6786 | D:7      | Found a blossoming altar of Fedhas.
  6902 | D:7      | Found a white marble altar of Elyvilon.
  6908 | D:7      | Found a broken altar of Ashenzari.
  6908 | D:7      | Found a glowing silver altar of Zin.
  7143 | D:7      | Reached skill level 5 in Dodging
  7364 | D:7      | Reached *** piety under the Shining One
  7543 | D:8      | Reached skill level 5 in Invocations
  7558 | D:8      | Noticed a gargoyle
  7927 | D:8      | Killed a gargoyle
  7928 | D:8      | Reached XP level 10. HP: 62/86 MP: 12/12
  8283 | D:8      | Found a runed translucent gate.
  8284 | D:8      | Found a runed translucent gate.
  8284 | D:8      | Found a runed translucent gate.
  8284 | D:8      | Noticed xzight's ghost (novice GrFi)
  8284 | D:8      | Noticed a nine-headed hydra
  8285 | D:8      | Noticed a nine-headed hydra
  8285 | D:8      | Noticed a two-headed ogre
  8310 | D:8      | Mangled by a two-headed ogre

Illustrated notes

Levels and vault maps discovered:
D:1:      tarquinn_simple_flora_water_e, layout_basic
D:2:      layout_basic, kennysheep_nub, kennysheep_generic_room_8, uniq_natasha
D:3:      layout_rooms, nicolae_qazlal_general_emergency, lemuel_crystal_altar,
          ebering_ecumenical_altar_abandoned
D:4:      layout_rooms, lemuel_doored_altar, grunt_dithmenos_smoke_and_mirrors,
          hellmonk_ghost_happy_afterlife, uniq_pargi, uniq_grinder
D:5:      layout_basic, amcnicky_altar_gilded,
          minmay_temple_entry_statues_pillars, serial_shops,
          nicolae_shop_crystal, minmay_manual_monstrance
D:6:      layout_basic, kennysheep_vampire_church, serial_glass,
          glass_columns_a, glass_columns_a, glass_columns_a, glass_columns_a,
          glass_columns_a, glass_columns_a
D:7:      layout_basic, minitemple, fedhas_altar_decomposition, serial_shops,
          shop, grunt_ministairs_12
D:8:      layout_basic, gammafunk_ghost_hydra_chop
Temple:   minmay_temple_curvy_loop

Skill      XL: |  1  2  3  4  5  6  7  8  9 |
---------------+----------------------------+-----
Long Blades    | 3 4 5 7 8 9 |  9.8
Fighting       | 4 5 6 7 |  7.4
Dodging        | 2 3 4 5 |  5.7
Shields        | 4 5 6 7 |  7.5
Armour         | 4 5 6 7 |  7.4
Invocations    | 1 2 3 5 |  5.2
Slings         | |  0.3

Action                   |  1- 3 |  4- 6 |  7- 9 | 10-12 || total
-------------------------+-------+-------+-------+-------++-------
Melee: Long sword        |    65 |   124 |       |       ||   189
       Headbutt          |     7 |    16 |    25 |     1 ||    49
       Double sword      |       |     5 |   160 |     5 ||   170
  Use: Scroll            |       |    11 |     2 |       ||    13
Armor: Scale mail        |    37 |    37 |    55 |     3 ||   132
Dodge: Dodged            |    30 |    51 |    79 |     4 ||   164
Block: Buckler           |    10 |    23 |    40 |     2 ||    75
